cohdb
Replays
Latest Replays
All Replays
Popular Replays
Top Player Replays
Match Explorer
How It Works
Community
CoH3 Stats
Reddit
Sign in to upload your games and track your stats! →
Sign in with Steam
Match 40249040
Unlisted
Match 40249040
Overview
Messages
Build Orders
End
Kradschützen Motorcycle Team
Panzergrenadier Squad
Selects Italian Infantry
250 Light Carrier
Construct Light Support Kompanie
MG34 Team
Combat Half-tracks
2.5-tonne Medical Truck
Assault Mechanized Group
Selects Guastatori Squad
Construct Mechanized Kompanie
Selects Registered Artillery
Marder III Tank Destroyer
2.5-tonne Medical Truck
Selects Defensive Operations
MG34 Team
Support Armor Elements
Tungsten Core Ammunition
18-tonne Recovery Half-track
Registered Artillery
Selects Prepared Positions
Construct Panzerarmee Kommand
Vehicle Survival Package
Assault Grenadier Squad
Assault Grenadier Squad
Assault Mechanized Group
2.5-tonne Medical Truck
Selects Obice 305mm Barrage
2.5-tonne Medical Truck
Registered Artillery
Subutai
TheGoodMoose
astartes42
Particycles
ConcernedApe
CitizenKane
0
0
Comments
sign in to comment!
No comments posted yet!